 Dungeon Crawl Stone Soup version 0.29-a0-483-g69413ace17 (webtiles) character file.

Game seed: 10075710977534165482

9 Hubjo the Firebug (level 2, 0/16 HPs)
             Began as a Deep Elf Fire Elementalist on May 25, 2022.
             Slain by a kobold
             ... wielding a +0 dagger
              (2 damage)
             ... on level 1 of the Dungeon.
             The game lasted 00:00:25 (798 turns).

Hubjo the Firebug (Deep Elf Fire Elementalist)       Turns: 798, Time: 00:00:25

Health: 0/16       AC:  2    Str:  5    XL:     2   Next: 6%
Magic:  7/8        EV: 12    Int: 19    God:
Gold:   40         SH:  0    Dex: 15    Spells: 6/7 levels left

rFire   . . .      SeeInvis .   (no weapon)
rCold   . . .      Faith    .   (no shield)
rNeg    . . .      Spirit   .   a - +0 robe
rPois   .          Reflect  .   (no helmet)
rElec   .          Harm     .   (no cloak)
rCorr   .          Rampage  .   (no gloves)
Will    .....                   (no boots)
Stlth   ++........              (no amulet)
HPRegen 0.05/turn               (no ring)
MPRegen 0.11/turn               (no ring)

@: no status effects
A: no striking features
a: no special abilities


You were on level 1 of the Dungeon.
You visited 1 branch of the dungeon, and saw 1 of its levels.

You collected 40 gold pieces.

Inventory:

Armour
 a - a +0 robe (worn)
Scrolls
 c - a scroll of immolation {unknown}
 d - a scroll of amnesia {unknown}
Potions
 b - a potion of magic
 e - 2 potions of attraction {unknown}


   Skills:
 * Level 0.7 Fighting
 - Level 2.4 Dodging
 + Level 2.7 Stealth
 + Level 3.2 Spellcasting
 - Level 1.1 Conjurations
 + Level 3.4 Fire Magic


You had 6 spell levels left.
You knew the following spells:

 Your Spells              Type           Power      Damage    Failure   Level
a - Foxfire               Conj/Fire      44%        2x1d6     6%          1

Your spell library contained the following spells:

 Spells                   Type           Power      Damage    Failure   Level
 Scorch                   Fire           32%        2d6       5%          2
 Conjure Flame            Conj/Fire      11%        6-21      19%         3
 Inner Flame              Hex/Fire       9%         N/A       22%         3
 Flame Wave               Conj/Fire      11%        2d5       52%         4


Dungeon Overview and Level Annotations

Branches:
Dungeon (1/15)

Altars:


Message History

The kobold shouts!
You conjure some foxfire!
A kobold is nearby!
There is not enough space to conjure foxfire!
A kobold is nearby!
A kobold is nearby!
There is not enough space to conjure foxfire!
A kobold is nearby!
There is not enough space to conjure foxfire!
There is not enough space to conjure foxfire!
A kobold is nearby!
A kobold is nearby!
There is not enough space to conjure foxfire!
The foxfire hits the kobold but does no damage.
You conjure some foxfire!
The foxfire hits the kobold but does no damage.
You conjure some foxfire!
The foxfire hits the kobold.
The kobold is moderately wounded.
You conjure some foxfire!
The kobold hits you with a +0 dagger. The kobold hits you but does no damage.
There is not enough space to conjure foxfire!
A kobold is nearby!
The kobold misses you.
There is not enough space to conjure foxfire!
The kobold hits you with a +0 dagger.
Your foxfire dissipates!
The kobold attacks as you move away! The kobold closely misses you.
The kobold attacks as you move away! The kobold misses you.
The kobold attacks as you move away! The kobold hits you with a +0 dagger.
The kobold attacks as you move away! The kobold hits you with a +0 dagger.
The kobold attacks as you move away! The kobold hits you with a +0 dagger.
The kobold attacks as you move away! The kobold hits you with a +0 dagger.
* * * LOW HITPOINT WARNING * * *
The kobold attacks as you move away! The kobold barely misses you.
The kobold attacks as you move away! The kobold misses you.
The kobold attacks as you move away! The kobold completely misses you.
The kobold attacks as you move away! The kobold hits you with a +0 dagger.
* * * LOW HITPOINT WARNING * * *
The kobold attacks as you move away! The kobold hits you with a +0 dagger.
You die...

#.#.# #.#..## ##.
#.#.# #.#...## ##
#.#.# #.#....####
#.#.# #.#.......#
#.#.# #.#........
#.#.# #..........
#.#.##############
#K#...............
##@###########.####
#..............†...
#############...###
#....[...........
#.##########..###
#.# #..### #.#
#..... #.# #..###
#.# #.##


You could see a kobold.

Vanquished Creatures
  A bat (D:1)
  An endoplasm (D:1)
  A goblin (D:1)
  2 hobgoblins (D:1)
  2 ball pythons (D:1)
  A rat (D:1)
8 creatures vanquished.

Vanquished Creatures (others)
  57 foxfires (D:1)
57 creatures vanquished.

Grand Total: 65 creatures vanquished

Notes
Turn   | Place    | Note
-------+----------+-------------------------------------------
     0 | D:1      | Hubjo the Deep Elf Fire Elementalist began the quest for
                  | the Orb.
     0 | D:1      | Reached XP level 1. HP: 10/10 MP: 6/6
   597 | D:1      | Reached XP level 2. HP: 16/16 MP: 0/8
   798 | D:1      | Slain by a kobold

Illustrated notes

Levels and vault maps discovered:
D:1:      dpeg_arrival_concentric_ovals, layout_basic, serial_shops,
          nicolae_square_shop, dreamdust_ecumenical_altar_drowned_temple

Action                   || total
-------------------------++-------
 Cast: Foxfire           ||    38
Armor: Robe              ||     2
Dodge: Dodged            ||     7

Table legend: (Time is in decaauts)
 A = Elapsed time spent in this place.
 B = Non-inter-level travel time spent in this place.
 C = Inter-level travel time spent in this place.
 D = Time resting spent in this place.
 E = Time spent auto-exploring this place.
 F = Levels seen in this place.
 G = Mean time per level.
                   A        B        C        D        E       F      G
               +--------+--------+--------+--------+--------+-----+--------+
         Total |    798 |    798 |      0 |      0 |    693 |   1 |  798.0 |
       Dungeon |    798 |    798 |      0 |      0 |    693 |   1 |  798.0 |
               +--------+--------+--------+--------+--------+-----+--------+

Top non-repeatable levels by time:
     D:1: 798 daAuts
